 Dungeon Crawl Stone Soup version 0.30-a0-55-g90e3122c3a (webtiles) character file.

Game seed: 2829642398600674328

367 LnG the Chopper (level 6, 0/55 HPs)
             Began as a Hill Orc Fighter on Sept 9, 2022.
             Slain by an orc warrior
             ... wielding a +0 broad axe
              (12 damage)
             ... on level 3 of the Dungeon.
             The game lasted 00:06:16 (3590 turns).

LnG the Chopper (Hill Orc Fighter)                  Turns: 3590, Time: 00:06:17

Health: 0/55       AC: 13    Str: 21    XL:     6   Next: 69%
Magic:  6/6        EV:  9    Int:  8    God:
Gold:   127        SH:  9    Dex:  7    Spells: 5/5 levels left

rFire   + . .      SeeInvis .    s - +5 hand axe of Vefev {holy, rPois rF+ Will++ Dex-3}
rCold   + . .      Faith    .    c - +0 buckler
rNeg    . . .      Spirit   .    b - +0 scale mail
rPois   +          Reflect  +    e - +1 helmet
rElec   .          Harm     .    (no cloak)
rCorr   .          Rampage  .    (no gloves)
Will    ++...                    (no boots)
Stlth   ..........               l - amulet of reflection
HPRegen 0.18/turn                n - ring of protection from cold
MPRegen 0.10/turn                r - +4 ring of protection

@: no status effects
A: no striking features
a: no special abilities


You were on level 3 of the Dungeon.
You visited 1 branch of the dungeon, and saw 4 of its levels.

You collected 127 gold pieces.

Inventory:

Hand Weapons
 a - a +0 war axe
 s - the +5 hand axe of Vefev (weapon) {holy, rPois rF+ Will++ Dex-3}
   (You found it on level 3 of the Dungeon)

   It has been blessed by the Shining One to cause great damage to the undead
   and demons.
   Dex:       It affects your dexterity (-3).
   rF:        It protects you from fire.
   rPois:     It protects you from poison.
   Will:      It greatly increases your willpower.
Armour
 b - a +0 scale mail (worn)
 c - a +0 buckler (worn)
 e - a +1 helmet (worn)
Jewellery
 l - an amulet of reflection (around neck)
 n - a ring of protection from cold (left hand)
 r - a +4 ring of protection (right hand)
Scrolls
 g - a scroll of poison {unknown}
 h - a scroll of butterflies {unknown}
 i - a scroll of identify {unknown}
 j - 3 scrolls of enchant weapon {unknown}
 k - 2 scrolls of immolation {unknown}
 m - a scroll of noise {unknown}
 o - a scroll of magic mapping {unknown}
 q - a scroll of blinking {unknown}
 t - a scroll of teleportation {unknown}
 u - a scroll of enchant armour {unknown}
Potions
 d - a potion of might
 f - 2 potions of ambrosia {unknown}
 p - a potion of brilliance {unknown}
 v - a potion of haste {unknown}
 w - a potion of mutation {unknown}
 x - 2 potions of attraction {unknown}


   Skills:
 + Level 4.9 Fighting
 + Level 5.6 Axes
 + Level 5.1 Armour
 + Level 0.8 Dodging
 + Level 0.4 Stealth
 + Level 4.1 Shields


You had 5 spell levels left.
You didn't know any spells.
Your spell library contained the following spells:

 Spells                   Type           Power      Damage    Failure   Level
 Ensorcelled Hibernation  Hex/Ice        0%         N/A       91%         2
 Passwall                 Tmut/Erth      0%         N/A       91%         2
 Dazzling Flash           Conj/Hex       0%         N/A       99%         3
 Swiftness                Air            0%         N/A       99%         3
 Agony                    Necr           0%         N/A       100%        5
 Silence                  Hex/Air        0%         N/A       100%        5


Dungeon Overview and Level Annotations

Branches:
Dungeon (4/15)
 Temple: D:4-7

Altars:
Vehumet


Message History

The ball python closely misses you.
You climb upwards.
There is a stone staircase leading down here.
You hit the orc warrior.
The orc warrior is moderately wounded.
You hit the orc.
You hit the ball python but do no damage.
You block the orc warrior's attack. The ball python barely misses you.
The ball python grabs you. The ball python constricts you.
The orc hits you with a +0 club.
You slash the orc warrior!
The orc warrior is severely wounded.
You hit the orc.
You kill the orc!
You barely miss the ball python. You block the ball python's attack.
The ball python constricts you.
The orc warrior hits you but does no damage.
You hit the orc warrior.
The orc warrior is severely wounded.
You barely miss the ball python. You block the ball python's attack.
The ball python constricts you.
The orc warrior hits you with a +0 broad axe!
The ball python bites you but does no damage.
The ball python constricts you.
You hit the orc warrior but do no damage.
The orc warrior is severely wounded.
You closely miss the ball python.
The orc warrior hits you with a +0 broad axe.
You block the ball python's attack. The ball python constricts you.
Unknown command.
You hit the orc warrior but do no damage.
The orc warrior is severely wounded.
You slash the ball python!
You kill the ball python!
The orc warrior hits you with a +0 broad axe!
* * * LOW HITPOINT WARNING * * *
You hit the orc warrior.
The orc warrior is severely wounded.
The orc warrior hits you with a +0 broad axe!
You die...

##########.# #.#
#.# ####.####
#.......#
##########.##.###
#..........##...#
##......######.#)#
........'......o@#
.#......#.####.#†#
.#......#.# ###.#
.#......#'## #.#
.#######...# #.#
.# #...#####.# .#
#...)..##.# .###
#......##.# ...#
#......##.#


You could see an orc warrior.

Vanquished Creatures
  A phantom (D:3)
  A hound (D:3)
  An orc priest (D:3)
  2 iguanas (D:4)
  3 orc wizards
  4 adders (D:3)
  12 orcs
  2 ball pythons (D:3)
  6 endoplasms
  A giant cockroach (D:2)
  5 hobgoblins
  5 kobolds
  3 quokkas
  5 bats
  2 frilled lizards
  4 goblins
  8 rats
65 creatures vanquished.

Notes
Turn   | Place    | Note
-------+----------+-------------------------------------------
     0 | D:1      | LnG the Hill Orc Fighter began the quest for the Orb.
     0 | D:1      | Reached XP level 1. HP: 19/19 MP: 1/1
   318 | D:1      | Reached XP level 2. HP: 18/27 MP: 2/2
   592 | D:1      | Found a faded altar of an unknown god.
  1510 | D:2      | Reached XP level 3. HP: 26/34 MP: 3/3
  1996 | D:2      | Reached XP level 4. HP: 34/41 MP: 4/4
  2490 | D:3      | Found a radiant altar of Vehumet.
  2490 | D:3      | Noticed a phantom
  2507 | D:3      | Killed a phantom
  2508 | D:3      | Reached XP level 5. HP: 24/47 MP: 5/5
  2724 | D:3      | Identified the +5 hand axe of Vefev {holy, rPois rF+ Will++
                  | Dex-3}
  3273 | D:3      | Reached XP level 6. HP: 55/55 MP: 6/6
  3285 | D:4      | Reached skill level 5 in Axes
  3418 | D:4      | Reached skill level 5 in Armour
  3514 | D:4      | Noticed an orc warrior
  3590 | D:3      | Slain by an orc warrior

Illustrated notes

Levels and vault maps discovered:
D:1:      tarquinn_simple_flora_water_d, layout_loops_cross,
          chequers_ecumenical_altar_twisty, solitary_fountain, minivault_24,
          minmay_fountain_box, corexii_corridor_pit
D:2:      layout_basic
D:3:      layout_basic, mainiacjoe_overflow_concentric_impassable, moated_statue
D:4:      layout_basic, mainiacjoe_overflow_small_starburst

Skill      XL: |  1  2  3  4  5  6 |
---------------+-------------------+-----
Axes           | 3 4 5 |  5.6
Fighting       | 4 |  4.9
Armour         | 4 5 |  5.1
Shields        | 4 |  4.1
Dodging        | |  0.8
Stealth        | |  0.4

Action                   |  1- 3 |  4- 6 || total
-------------------------+-------+-------++-------
Melee: War axe           |    79 |    45 ||   124
       Hand axe          |       |    87 ||    87
Armor: Scale mail        |    34 |    63 ||    97
Dodge: Dodged            |    28 |    59 ||    87
Block: Buckler           |    15 |    60 ||    75

Table legend: (Time is in decaauts)
 A = Elapsed time spent in this place.
 B = Non-inter-level travel time spent in this place.
 C = Inter-level travel time spent in this place.
 D = Time resting spent in this place.
 E = Time spent auto-exploring this place.
 F = Levels seen in this place.
 G = Mean time per level.
                   A        B        C        D        E       F      G
               +--------+--------+--------+--------+--------+-----+--------+
         Total |   3653 |   3496 |    157 |    738 |   2104 |   4 |  913.2 |
       Dungeon |   3653 |   3496 |    157 |    738 |   2104 |   4 |  913.2 |
               +--------+--------+--------+--------+--------+-----+--------+

Top non-repeatable levels by time:
     D:1: 1461 daAuts
     D:3: 1015 daAuts
     D:2: 927 daAuts
     D:4: 249 daAuts
